 Dungeon Crawl Stone Soup version 0.27-a0-1331-g60ef6b6952 (webtiles) character file.

Game seed: 2404276928114625965

8106 Froggeryz the Frost Mage (level 11, -1/84 HPs)
             Began as a Vampire Ice Elementalist on June 25, 2021.
             Was a Follower of Ru.
             Slain by a swamp worm (15 damage)
             ... in a Gauntlet.
             The game lasted 00:23:36 (10819 turns).

Froggeryz the Frost Mage (VpIE)                    Turns: 10819, Time: 00:23:37

Health: -1/84      AC: 11    Str:  7    XL:     11   Next: 5%
Magic:  7/18       EV: 18    Int: 21    God:    Ru [*.....]
Gold:   438        SH:  0    Dex: 21    Spells: 13/20 levels left

rFire    . . .     SeeInvis +   F - +2 quarterstaff (spect)
rCold    . . .     Faith    .   (shield currently unavailable)
rNeg     . . .     Spirit   .   a - +0 robe
rPois    .         Reflect  .   h - +0 helmet
rElec    +         Harm     .   (no cloak)
rCorr    .         Rampage  .   H - +0 pair of gloves
Will     +....     NoTele   +   (no boots)
Stlth    ++++......             u - amulet of the acrobat
HPRegen  0.44/turn              A - +4 ring of protection
MPRegen  0.16/turn              C - ring of Xujosus {rElec Dex+6 SInv}

@: ice-armoured, freezing walls, healing quickly
A: alive, fangs 3, see invisible, reduced AC 1, vampiric 2
a: Exsanguinate, Renounce Religion


You were in a Gauntlet.
You worshipped Ru.
Ru was aware of your devotion.
You visited 3 branches of the dungeon, and saw 11 of its levels.
You also visited: Ossuary and Gauntlet.

You collected 438 gold pieces.

Inventory:

Hand Weapons
 j - a +1 short sword of speed
 s - a +2 dagger of venom
 F - a +2 spectral quarterstaff (weapon)
Missiles
 B - 4 boomerangs of dispersal
Armour
 a - a +0 robe (worn)
 h - a +0 helmet (worn)
 p - the +1 plate armour of Exclusion {rF+ rCorr}
   (You found it in a Gauntlet)

   It protects you from fire.
   It protects you from acid and corrosion.
 H - a +0 pair of gloves (worn)
Magical Staves
 I - a staff of death
Jewellery
 m - a +4 ring of protection
 r - an amulet of reflection
 u - an amulet of the acrobat (around neck)
 A - a +4 ring of protection (left hand)
 C - the ring of Xujosus (right hand) {rElec Dex+6 SInv}
   (You found it on level 7 of the Dungeon)

   [ring of see invisible]

   It affects your dexterity (+6).
   It insulates you from electricity.
   It lets you see invisible.
 J - an amulet of faith
Wands
 G - a wand of paralysis (13)
 K - a wand of mindburst (14)
 L - a wand of flame (22)
Scrolls
 b - a scroll of immolation
 c - a scroll of teleportation
 e - a scroll of brand weapon
 f - 2 scrolls of enchant armour
 g - 3 scrolls of enchant weapon
 i - 3 scrolls of noise
 k - a scroll of fog
 t - a scroll of identify
 y - a scroll of silence
Potions
 d - a potion of lignification {unknown}
 l - 4 potions of haste
 n - a potion of brilliance {unknown}
 o - a potion of attraction {unknown}
 q - 2 potions of invisibility
 v - 3 potions of curing
 x - 2 potions of mutation {unknown}
 z - 2 potions of degeneration {unknown}
 D - a potion of heal wounds {unknown}
 E - a potion of resistance {unknown}


   Skills:
 + Level 7.2 Fighting
 - Level 5.4 Short Blades
 + Level 3.4 Staves
 * Level 8.0 Dodging
 - Level 7.2 Stealth
 - Level 5.1 Spellcasting
 + Level 10.3 Ice Magic


You had 13 spell levels left.
You knew the following spells:

 Your Spells              Type           Power      Damage    Failure   Level
a - Freeze                Ice            100%       1d11      1%          1
b - Frozen Ramparts       Ice            96%        1d11      1%          3
c - Ozocubu's Armour      Ice            48%        N/A       1%          3

Your spell library contained the following spells:

 Spells                   Type           Power      Damage    Failure   Level
 Beastly Appendage        Tmut           10%        N/A       11%         1
 Hailstorm                Conj/Ice       27%        3d7       13%         4
 Ice Form                 Ice/Tmut       27%        N/A       13%         4
 Wereblood                Tmut           5%         N/A       16%         2
 Spider Form              Tmut/Pois      2%         N/A       32%         3
 Metabolic Englaciation   Hex/Ice        13%        N/A       34%         5


Dungeon Overview and Level Annotations

Branches:
Dungeon (8/15)             Temple (1/1) D:7            Lair (2/6) D:8
Ossuary (visited)         Gauntlet (1/1)
  Swamp: Lair:2-4    Shoals: Lair:2-4     Snake: Lair:2-4    Spider: Lair:2-4

Altars:
Ashenzari
Cheibriados
Dithmenos
Elyvilon
Gozag
Kikubaaqudgha
Makhleb
Nemelex Xobeh
Okawaru
Qazlal
Ru
Sif Muna
Trog
Uskayaw
Vehumet
Wu Jian
Xom
Yredelemnul
Zin
The Shining One

Shops:
D:4 =

Annotations:
Lair:1 Fannar Gauntlet 13 transporters, 21 runed translucent doors, exclusion: orange crystal statue


Innate Abilities, Weirdness & Mutations

Your natural rate of healing is accelerated.
You have razor-sharp teeth.
You have supernaturally acute eyesight. (SInv)
You take slightly more damage. (AC -5)
You are afflicted with vampirism and can become a bat while bloodless.


Message History

Casting: Frozen Ramparts (safe; 1% risk of failure)
Confirm with . or Enter, or press ? or * to list all spells.
Casting: Frozen Ramparts (safe; 1% risk of failure)
Press: ? - help, Dir - look around, f - activate The walls around you are covered in ice.
The wall freezes the swamp worm!
The swamp worm completely misses you.
The wall freezes the tyrant leech.
Casting: Frozen Ramparts (safe; 1% risk of failure)
Confirm with . or Enter, or press ? or * to list all spells.
A film of ice covers your body!
The wall freezes the swamp worm.
The wall freezes the swamp worm but does no damage.
The swamp worm bites you but does no damage.
The wall freezes the tyrant leech!
The tyrant leech bites you!
The tyrant leech draws strength from your injuries!
You thump the tyrant leech!
The tyrant leech is moderately wounded.
Your spectral +2 spectral quarterstaff hits the tyrant leech!
The wall freezes the swamp worm. x3; The swamp worm completely misses you.
The wall freezes the swamp worm!
You hit the tyrant leech.
The tyrant leech is heavily wounded.
Your spectral +2 spectral quarterstaff hits the tyrant leech.
The wall freezes the swamp worm.
The swamp worm completely misses you.
The wall freezes the swamp worm.
The wall freezes the tyrant leech!
The tyrant leech bites you!!
The tyrant leech draws strength from your injuries!
The wall freezes the swamp worm.
The swamp worm bites you!
* * * LOW HITPOINT WARNING * * *
The wall freezes the swamp worm.
Okay, then.
Okay, then.
You barely miss the tyrant leech.
The tyrant leech is severely wounded.
Your spectral +2 spectral quarterstaff hits the tyrant leech.
The wall freezes the swamp worm.
The wall freezes the tyrant leech!
The tyrant leech bites you!
* * * LOW HITPOINT WARNING * * *
The tyrant leech draws strength from your injuries!
The wall freezes the swamp worm.
The swamp worm bites you!
You die...

........#.#...........≈..........
..#######.#######....§8≈....#####
..#©...........©#.....≈.....#©...
#####################...#########
.....#..#≈#........w#...#hEh.....
....#...#§#.#.....#.#...#h#.#.#.#
....#...#≈#..#####..#...#E.#.#.#.
##©#....#≈#..##.##..#...#R#.#.#.#
..###...#8#....w@ww.#...#..#.©.#.
...#.##.#≈#..##(##w.#...#.#h#.#.#
..#....##≈#..#####..#...#..#.#.#.
..#.....#§#.#...w.#.#...#.#.#.#.#
.#)©=..!#§#..(=©.?..#...#..[$©[..
#####################...#########
..#©...........©#.....≈.....#©...
..#######.#######...§§8≈....#####
........#.#...........≈..........


You could see a tyrant leech, 3 swamp worms and a friendly spectral +2 spectral
quarterstaff (summoned).

Vanquished Creatures
  A hydra (Lair:2)
  2 slime creatures (Gauntlet)
  A black mamba (Lair:1)
  3 cane toads (Lair:2)
  A komodo dragon (Lair:2)
  Grinder (D:6)
  A hornet (D:4)
  A spriggan (D:7)
  A yak (D:8)
  A shadow (D:7)
  2 wyverns
  Sigmund (D:2)
  3 basilisks
  Edmund (D:5)
  3 sky beasts (D:8)
  2 orc warriors
  2 hornet zombies (D:8)
  An ice beast (D:5)
  2 black bears
  A necrophage (D:4)
  A wolf (Lair:2)
  An ogre (D:5)
  3 kobold brigands (D:7)
  6 bullfrogs
  A wight (D:4)
  3 howler monkeys (D:7)
  2 bullfrog zombies
  7 centaur zombies
  3 hounds
  A human zombie (D:4)
  4 jellies
  A gnoll shaman (D:8)
  3 iguanas
  4 orc priests
  Terence (D:2)
  3 scorpion zombies (D:4)
  3 orc wizards
  A statue (D:6)
  2 killer bee zombies
  3 hound zombies (D:4)
  A hound skeleton (D:5)
  5 mummies (Ossuary)
  Robin (D:2)
  4 gnolls (D:8)
  3 adders
  A white imp (D:7)
  An ufetubus (D:5)
  An adder zombie (D:4)
  4 worms
  3 dart slugs
  32 orcs
  9 endoplasms
  5 giant cockroaches
  18 goblins
  14 hobgoblins
  3 jackals (D:3)
  7 ball pythons
  7 bats
  5 frilled lizards
  4 hobgoblin zombies (Ossuary)
  26 kobolds
  3 quokka zombies
  7 rats
248 creatures vanquished.

Vanquished Creatures (others)
  A jelly (Gauntlet)
  14 demonic plants (Gauntlet)
  A fungus (D:8)
  3 plants
19 creatures vanquished.

Grand Total: 267 creatures vanquished

Notes
Turn   | Place    | Note
-------+----------+-------------------------------------------
     0 | D:1      | Froggeryz the Vampire Ice Elementalist began the quest for
                  | the Orb.
     0 | D:1      | Reached XP level 1. HP: 13/13 MP: 3/3
   341 | D:1      | Reached XP level 2. HP: 12/19 MP: 1/5
  1352 | D:1      | Reached skill level 5 in Ice Magic
  1420 | D:2      | Gained mutation: You are afflicted with vampirism and can
                  | become a bat while bloodless. [Vampire growth]
  1420 | D:2      | Reached XP level 3. HP: 24/24 MP: 4/6
  1533 | D:2      | Learned a level 3 spell: Frozen Ramparts
  1784 | D:2      | Noticed Sigmund
  1794 | D:2      | Killed Sigmund
  1795 | D:2      | Reached skill level 6 in Ice Magic
  1795 | D:2      | Reached XP level 4. HP: 19/30 MP: 3/7
  1795 | D:2      | Reached XP level 5. HP: 23/35 MP: 3/8
  1954 | D:2      | Reached skill level 7 in Ice Magic
  1958 | D:2      | Noticed Robin
  1965 | D:2      | Killed Robin
  2173 | D:2      | Noticed Terence
  2190 | D:2      | Learned a level 3 spell: Ozocubu's Armour
  2224 | D:2      | Killed Terence
  2225 | D:2      | Reached XP level 6. HP: 32/41 MP: 0/9
  3619 | D:3      | Reached skill level 8 in Ice Magic
  3685 | D:4      | Found Seunlay's Jewellery Boutique.
  4010 | D:4      | Noticed a hornet
  4016 | D:4      | Paralysed by a hornet for 1 turns
  4018 | D:4      | Killed a hornet
  4019 | D:4      | Reached XP level 7. HP: 33/46 MP: 2/11
  4457 | D:4      | Found a basalt altar of Yredelemnul.
  4806 | D:4      | Reached skill level 5 in Stealth
  4806 | D:4      | Reached XP level 8. HP: 31/52 MP: 2/14
  4982 | D:4      | Found an iron altar of Okawaru.
  5272 | D:5      | Entered Level 5 of the Dungeon
  5409 | D:5      | Found a sand-covered staircase.
  5416 | Ossuary  | Entered an ossuary
  5749 | D:5      | Noticed Edmund
  5768 | D:5      | Killed Edmund
  5769 | D:5      | Reached skill level 5 in Short Blades
  5820 | D:5      | Reached skill level 1 in Fighting
  6033 | D:5      | Reached skill level 5 in Spellcasting
  6808 | D:5      | Found an ornate altar of the Wu Jian Council.
  7058 | D:6      | Reached XP level 9. HP: 57/65 MP: 14/16
  7067 | D:6      | Noticed Grinder
  7104 | D:6      | Paralysed by Grinder for 3 turns
  7109 | D:6      | Killed Grinder
  7350 | D:6      | Found a radiant altar of Vehumet.
  7833 | D:7      | Found a staircase to the Ecumenical Temple.
  7900 | D:7      | Reached skill level 5 in Fighting
  7923 | D:7      | Reached skill level 9 in Ice Magic
  8051 | D:7      | Identified the ring of Xujosus {rElec Dex+6 SInv}
  8408 | Temple   | Entered the Ecumenical Temple
  8527 | Temple   | Became a worshipper of Ru the Awakened
  9049 | D:8      | Found a staircase to the Lair.
  9061 | D:8      | Reached skill level 1 in Staves
  9061 | D:8      | Reached XP level 10. HP: 76/76 MP: 10/17
  9065 | D:8      | Reached skill level 5 in Dodging
  9484 | Lair:1   | Entered Level 1 of the Lair of Beasts
  9563 | Lair:1   | Noticed an eight-headed hydra
  9563 | Lair:1   | Noticed a cane toad
  9658 | Lair:1   | Noticed a black mamba
  9667 | Lair:1   | Killed a black mamba
  9908 | Lair:1   | Gained mutation: You take slightly more damage. (AC -5) [Ru
                  | sacrifice]
  9908 | Lair:1   | Reached * piety under Ru
  9930 | Lair:1   | Noticed Fannar
  9991 | Lair:2   | Noticed a four-headed hydra
 10007 | Lair:2   | Killed a four-headed hydra
 10013 | Lair:2   | Reached skill level 10 in Ice Magic
 10016 | Lair:2   | Noticed a cane toad
 10027 | Lair:2   | Killed a cane toad
 10149 | Lair:2   | Noticed a cane toad
 10159 | Lair:2   | Killed a cane toad
 10233 | Lair:2   | Noticed a cane toad
 10242 | Lair:2   | Killed a cane toad
 10249 | Lair:2   | Found a gate leading to a gauntlet.
 10258 | Gauntlet | Entered a Gauntlet
 10258 | Gauntlet | Found a transporter.
 10258 | Gauntlet | Found a transporter.
 10266 | Gauntlet | Found a transporter.
 10281 | Gauntlet | Found a transporter.
 10283 | Gauntlet | Noticed a great orb of eyes
 10294 | Gauntlet | Noticed a cyan ugly thing
 10297 | Gauntlet | Found a transporter.
 10309 | Gauntlet | Found a transporter.
 10311 | Gauntlet | Found a large runed translucent door.
 10312 | Gauntlet | Found a large runed translucent door.
 10313 | Gauntlet | Found a large runed translucent door.
 10313 | Gauntlet | Found a large runed translucent door.
 10313 | Gauntlet | Found a runed translucent door.
 10313 | Gauntlet | Found a runed translucent door.
 10314 | Gauntlet | Found a large runed translucent door.
 10315 | Gauntlet | Found a large runed translucent door.
 10315 | Gauntlet | Found a large runed translucent door.
 10315 | Gauntlet | Found a large runed translucent door.
 10316 | Gauntlet | Found a large runed translucent door.
 10317 | Gauntlet | Found a large runed translucent door.
 10324 | Gauntlet | Found a large runed translucent door.
 10324 | Gauntlet | Found a large runed translucent door.
 10325 | Gauntlet | Found a large runed translucent door.
 10325 | Gauntlet | Found a large runed translucent door.
 10326 | Gauntlet | Found a runed translucent gate.
 10326 | Gauntlet | Found a runed translucent gate.
 10326 | Gauntlet | Found a runed translucent gate.
 10327 | Gauntlet | Noticed an orange crystal statue
 10328 | Gauntlet | Found a transporter.
 10396 | Gauntlet | Noticed a soul eater
 10401 | Gauntlet | Found a transporter.
 10411 | Gauntlet | Found a transporter.
 10417 | Gauntlet | Found a large runed translucent door.
 10418 | Gauntlet | Found a large runed translucent door.
 10420 | Gauntlet | Found a transporter.
 10422 | Gauntlet | Noticed a sixfirhy
 10426 | Gauntlet | Noticed a sixfirhy
 10427 | Gauntlet | Found a transporter.
 10428 | Gauntlet | Found a transporter.
 10468 | Gauntlet | Found a transporter.
 10510 | Gauntlet | Found a transporter.
 10519 | Gauntlet | Noticed an entropy weaver
 10524 | Gauntlet | Found a transporter.
 10526 | Gauntlet | Noticed a wolf spider
 10624 | Gauntlet | Found a transporter.
 10681 | Gauntlet | Reached XP level 11. HP: 66/84 MP: 7/18
 10793 | Gauntlet | Identified the +1 plate armour of Exclusion {rF+ rCorr}
 10819 | Gauntlet | Slain by a swamp worm

Illustrated notes

Levels and vault maps discovered:
D:1:      dpeg_arrival_rhombus, layout_basic, kennysheep_boxes
D:2:      layout_basic, uniq_terence, uniq_sigmund, uniq_robin
D:3:      minmay_thinvault, layout_rooms, grunt_decor_resistance
D:4:      layout_layer_cave, lemuel_mausoleum_altar_yredelemnul,
          amcnicky_altar_gilded, serial_shops, shop, guppyfry_early_orc_mine
D:5:      minmay_general_purpose_star, layout_basic,
          nicolae_overflow_hidden_temple, enter_ossuary_4, nrook_campfire,
          corexii_shack, uniq_edmund
D:6:      layout_basic, vehumet_statue, grunt_ministairs_14, uniq_grinder
D:7:      layout_basic, temple_pool_b, hex_medium, the_hattery
D:8:      layout_rooms, david_lair_generic, kennysheep_generic_room_3
Temple:   lightli_temple_of_artemis
Lair:1:   layout_roguey, uniq_fannar
Lair:2:   layout_chaotic_city, gauntlet_entry_generic, lemuel_centaur_altar,
          lemuel_fruit_tree, lemuel_fruit_fields
Gauntlet: gammafunk_gauntlet_branching [gammafunk_gauntlet_arena_spirals,
          gammafunk_gauntlet_arena_crates, nicolae_gauntlet_arena_flowing_pool,
          gammafunk_gauntlet_arena_grid, nicolae_gauntlet_arena_blocks,
          nicolae_gauntlet_swirl, gammafunk_gauntlet_arena_arrow_garden,
          minmay_gauntlet_arena_make_your_own_arena, gauntlet_exit_hidden_loot]

Skill      XL: |  1  2  3  4  5  6  7  8  9 10 |
---------------+-------------------------------+-----
Ice Magic      | 5 6 7 8 9 10 | 10.3
Short Blades   | 2 4 5 |  5.4
Spellcasting   | 3 4 5 |  5.1
Stealth        | 5 7 |  7.2
Fighting       | 3 6 7 |  7.2
Dodging        | 4 8 |  8.0
Staves         | 1 3 |  3.4

Action                   |  1- 3 |  4- 6 |  7- 9 | 10-12 || total
-------------------------+-------+-------+-------+-------++-------
Melee: Unarmed           |    47 |    13 |       |       ||    60
       Bite              |     5 |    13 |    73 |     8 ||    99
       Short sword       |       |    90 |   555 |       ||   645
       Quarterstaff      |       |       |    32 |    62 ||    94
 Cast: Freeze            |    50 |    28 |     3 |     2 ||    83
       Frozen Ramparts   |     2 |    14 |    32 |    15 ||    63
       Ozocubu's Armour  |       |     3 |    24 |    14 ||    41
Invok: Sacrifice Health  |       |       |       |     1 ||     1
Evoke: Wand              |       |       |     8 |     2 ||    10
  Use: Scroll            |       |     7 |       |     8 ||    15
       Potion            |       |       |     1 |       ||     1
 Stab: Sleeping          |     2 |     7 |    14 |     3 ||    26
       Distracted        |       |       |     2 |     1 ||     3
Armor: Robe              |    16 |    28 |   214 |    11 ||   269
Dodge: Dodged            |    44 |    47 |   299 |    47 ||   437
Block: Other             |       |     9 |    54 |       ||    63

Table legend: (Time is in decaauts)
 A = Elapsed time spent in this place.
 B = Non-inter-level travel time spent in this place.
 C = Inter-level travel time spent in this place.
 D = Time resting spent in this place.
 E = Time spent auto-exploring this place.
 F = Levels seen in this place.
 G = Mean time per level.
                   A        B        C        D        E       F      G
               +--------+--------+--------+--------+--------+-----+--------+
         Total |  10626 |  10284 |    342 |    751 |   7049 |  13 |  817.4 |
       Dungeon |   8931 |   8599 |    332 |    537 |   6425 |   8 | 1116.4 |
        Temple |    130 |    120 |     10 |      0 |    100 |   1 |  130.0 |
          Lair |    779 |    779 |      0 |     61 |    436 |   2 |  389.5 |
       Ossuary |    221 |    221 |      0 |     61 |     88 |   1 |  221.0 |
      Gauntlet |    562 |    562 |      0 |     92 |      0 |   1 |  562.0 |
               +--------+--------+--------+--------+--------+-----+--------+

Top non-repeatable levels by time:
     D:4: 1498 daAuts
     D:1: 1434 daAuts
     D:2: 1310 daAuts
     D:6: 1255 daAuts
     D:5: 966 daAuts
     D:3: 949 daAuts
     D:8: 758 daAuts
     D:7: 757 daAuts
Gauntlet: 562 daAuts
  Lair:1: 508 daAuts
  Lair:2: 271 daAuts
 Ossuary: 221 daAuts
  Temple: 130 daAuts
